 Dungeon Crawl Stone Soup version 0.27-a0-291-gd9602db6ee (webtiles) character file.

Game seed: 11738971460925062081

1328 MalarOregon the Slinger (level 8, -4/56 HPs)
             Began as a Halfling Hunter on Feb 10, 2021.
             Was a Follower of Okawaru.
             Slain by a gnoll
             ... wielding a +5 halberd of freezing
              (18 damage)
             ... on level 4 of the Dungeon.
             The game lasted 00:10:41 (6071 turns).

MalarOregon the Slinger (Halfling Hunter)           Turns: 6071, Time: 00:10:41

Health: -4/56      AC:  3    Str: 15    XL:     8   Next: 91%
Magic:  8/8        EV: 18    Int:  9    God:    Okawaru [*.....]
Gold:   282        SH:  0    Dex: 15    Spells: 7/7 levels left

rFire    . . .     SeeInvis .   a - +1 hunting sling
rCold    . . .     Faith    .   (shield restricted)
rNeg     . . .     Spirit   .   c - +0 leather armour
rPois    .         Reflect  .   (no helmet)
rElec    .         Harm     .   (no cloak)
rCorr    .         Rampage  .   (no gloves)
Will     .....                  (no boots)
Stlth    ++........             (no amulet)
HPRegen  0.18/turn              (no ring)
MPRegen  0.11/turn              (no ring)

@: no status effects
A: small, talons 1, mutation resistance 1
a: Renounce Religion, Heroism


You were on level 4 of the Dungeon.
You worshipped Okawaru.
Okawaru was aware of your devotion.
You visited 2 branches of the dungeon, and saw 5 of its levels.

You collected 282 gold pieces.

Inventory:

Hand Weapons
 a - a +1 hunting sling (weapon)
 b - a +0 short sword
 m - a +0 dagger of electrocution
   (You took it off a goblin on level 1 of the Dungeon)
Missiles
 d - 3 throwing nets {!f}
 h - 95 stones (quivered ammo)
 v - a boomerang of dispersal {!f}
Armour
 c - a +0 leather armour (worn)
Jewellery
 j - an uncursed ring of willpower {unknown}
   (You found it on level 4 of the Dungeon)
Scrolls
 f - 2 scrolls of magic mapping {unknown}
 i - 5 scrolls of identify {unknown}
 k - a scroll of amnesia {unknown}
 l - 3 scrolls of enchant armour {unknown}
 n - 3 scrolls of teleportation {unknown}
 r - a scroll of immolation {unknown}
 t - 2 scrolls of remove curse {unknown}
 u - a scroll of enchant weapon {unknown}
Potions
 e - a potion of magic {unknown}
 g - a potion of cancellation
 o - a potion of curing {unknown}
 q - a potion of might {unknown}


   Skills:
 + Level 5.6 Fighting
 + Level 10.2 Slings
 + Level 6.7 Dodging
 - Level 1.1 Stealth


You had 7 spell levels left.
You didn't know any spells.
Your spell library contained the following spells:

 Spells                   Type           Power        Failure   Level
 Corona                   Hex            0%           45%         1
 Ensorcelled Hibernation  Hex/Ice        0%           58%         2
 Confusing Touch          Hex            0%           83%         3
 Dazzling Flash           Conj/Hex       0%           83%         3
 Tukima's Dance           Hex            0%           83%         3


Dungeon Overview and Level Annotations

Branches:
Dungeon (4/15)             Temple (1/1) D:4

Altars:
Dithmenos
Fedhas
Gozag
Kikubaaqudgha
Makhleb
Nemelex Xobeh
Okawaru
Qazlal
Ru
Sif Muna
Trog
Uskayaw
Vehumet
Wu Jian
Xom
Yredelemnul
The Shining One

Shops:
D:4 (


Innate Abilities, Weirdness & Mutations

You are small and have problems with some larger weapons.
You are somewhat resistant to further mutation.
You have sharp toenails.


Message History

Okawaru accepts your kill.
Fire: 105 stones
Aim: a gnoll, wielding a +0 club and carrying a wand of polymorph (8) (70% to hit)
You shoot a stone. The stone hits the gnoll.
A gnoll comes into view.
It is wielding a +5 halberd of freezing.
The gnoll misses you.
Fire: 104 stones
Aim: a gnoll, wielding a +0 club and carrying a wand of polymorph (8) (heavily wounded, 70% to hit)
You shoot a stone. The stone closely misses the gnoll.
Fire: 103 stones
Aim: a gnoll, wielding a +0 club and carrying a wand of polymorph (8) (heavily wounded, 70% to hit)
You shoot a stone. The stone closely misses the gnoll.
The gnoll closely misses you.
Fire: 102 stones
Aim: a gnoll, wielding a +0 club and carrying a wand of polymorph (8) (heavily wounded, 70% to hit)
You shoot a stone. The stone barely misses the gnoll.
The gnoll zaps a wand.
You resist with some effort.
Fire: 101 stones
Aim: a gnoll, wielding a +0 club and carrying a wand of polymorph (7) (heavily wounded, 70% to hit)
You shoot a stone. The stone completely misses the gnoll.
Fire: 100 stones
Aim: a gnoll, wielding a +0 club and carrying a wand of polymorph (7) (heavily wounded, 70% to hit)
You shoot a stone. The stone closely misses the gnoll.
The gnoll hits you with a +0 club.
* * * LOW HITPOINT WARNING * * *
Fire: 99 stones
Aim: a gnoll, wielding a +0 club and carrying a wand of polymorph (7) (heavily wounded, 70% to hit)
You shoot a stone.
The stone hits the gnoll but does no damage.
The gnoll barely misses you.
The gnoll zaps a wand.
You resist with some effort.
Fire: 98 stones
Aim: a gnoll, wielding a +0 club and carrying a wand of polymorph (6) (heavily wounded, 70% to hit)
You shoot a stone. The stone hits the gnoll.
Fire: 97 stones
Aim: a gnoll, wielding a +0 club and carrying a wand of polymorph (6) (heavily wounded, 70% to hit)
You shoot a stone. The stone hits the gnoll.
The gnoll hits you with a +0 club.
* * * LOW HITPOINT WARNING * * *
The gnoll barely misses you.
Fire: 96 stones
Aim: a gnoll, wielding a +0 club and carrying a wand of polymorph (6) (heavily wounded, 70% to hit)
You shoot a stone.
The stone hits the gnoll but does no damage.
The gnoll hits you with a +0 club.
* * * LOW HITPOINT WARNING * * *
The gnoll hits you from afar with a +5 halberd of freezing!!
You die...

..........P.............
≈≈≈≈≈≈≈≈≈≈≈≈≈≈≈≈≈≈≈≈≈≈≈
≈≈≈≈≈≈≈≈≈≈≈≈≈≈≈≈≈≈≈≈≈≈
≈≈≈≈≈≈≈≈≈≈≈≈≈≈)≈≈≈#
........†)....)...#
#################'#
...(()....# #'###g.).#
#(g@.# ##)### #..)..
#..(...#
###################.#
.#....#....... .#
.'....'....... #
≈≈≈....# .#....#.......
##≈≈P...#
##''')#############
..#≈≈....####


You could see 2 gnolls.

Vanquished Creatures
  Menkaure (D:4)
  Duvessa (D:3)
  4 ogres (D:4)
  2 phantoms (D:4)
  Dowan (D:3)
  A scorpion (D:4)
  A centaur skeleton (D:4)
  A gnoll shaman (D:4)
  A worker ant (D:4)
  29 gnolls (D:4)
  5 adders
  An ufetubus (D:2)
  An ooze (D:2)
  A worm (D:3)
  A dart slug (D:1)
  3 leopard geckos (D:1)
  5 orcs
  7 giant cockroaches
  8 goblins
  6 hobgoblins
  19 jackals
  2 quokkas (D:3)
  3 ball pythons
  9 bats
  3 frilled lizards
  2 gnoll zombies (D:2)
  6 kobolds
  A leopard gecko skeleton (D:3)
  5 rats
130 creatures vanquished.

Notes
Turn   | Place    | Note
-------+----------+-------------------------------------------
     0 | D:1      | MalarOregon the Halfling Hunter began the quest for the
                  | Orb.
     0 | D:1      | Reached XP level 1. HP: 14/14 MP: 1/1
   120 | D:1      | Reached skill level 6 in Slings
   152 | D:1      | Reached XP level 2. HP: 19/19 MP: 2/2
   552 | D:1      | Reached XP level 3. HP: 24/24 MP: 3/3
  1604 | D:2      | Reached XP level 4. HP: 30/30 MP: 4/4
  2152 | D:2      | Found a basalt altar of Yredelemnul.
  2713 | D:2      | Found a faded altar of an unknown god.
  2877 | D:3      | Reached XP level 5. HP: 17/36 MP: 5/5
  3205 | D:3      | Reached skill level 7 in Slings
  3560 | D:3      | Found a shimmering blue altar of Sif Muna.
  3699 | D:4      | Noticed a phantom
  3719 | D:4      | Killed a phantom
  3720 | D:4      | Reached XP level 6. HP: 20/42 MP: 6/6
  3889 | D:4      | Noticed Dowan
  3889 | D:4      | Noticed Duvessa
  4163 | D:4      | Noticed an ogre
  4169 | D:4      | Killed an ogre
  4188 | D:3      | Gained mutation: You have sharp toenails. [potion of
                  | mutation]
  4209 | D:3      | Killed Duvessa
  4210 | D:3      | Reached skill level 8 in Slings
  4210 | D:3      | Reached XP level 7. HP: 40/47 MP: 7/7
  4216 | D:3      | Killed Dowan
  4322 | D:4      | Reached skill level 5 in Dodging
  4533 | D:4      | Found a staircase to the Ecumenical Temple.
  4619 | Temple   | Entered the Ecumenical Temple
  4815 | Temple   | Became a worshipper of Warmaster Okawaru
  4950 | D:4      | Found Epokoess's Weapon Shoppe.
  4981 | D:4      | Reached skill level 9 in Slings
  4981 | D:4      | Reached XP level 8. HP: 54/54 MP: 8/8
  5022 | D:4      | Noticed Menkaure
  5033 | D:4      | Killed Menkaure
  5215 | D:4      | Reached skill level 5 in Fighting
  6001 | D:4      | Reached skill level 10 in Slings
  6016 | D:4      | Reached * piety under Okawaru
  6071 | D:4      | Slain by a gnoll

Illustrated notes

Levels and vault maps discovered:
D:1:      mrwooster_arrival_statue_3, layout_loops_ring, hex_medium,
          minivault_24, minmay_misc_feat_enclosed
D:2:      layout_loops_ring, lemuel_zombie_altar_yredelemnul,
          chequers_ecumenical_altar_lobes, grunt_ministairs_11,
          chequers_serial_rivers_micro_b
D:3:      layout_basic, led_sif_pool
D:4:      lemuel_castle_with_subvaults [lemuel_castle_interior_carwin_1],
          layout_rooms, minmay_temple_entry_fiery, serial_shops, shop_statue,
          uniq_menkaure, uniq_duvessa
Temple:   regret_index_temple_sphere_string

Skill      XL: |  1  2  3  4  5  6  7  8 |
---------------+-------------------------+-----
Slings         | 6 7 8 9 10 | 10.2
Fighting       | 2 3 4 5 |  5.6
Dodging        | 3 4 5 6 |  6.7
Stealth        | |  1.1

Action                   |  1- 3 |  4- 6 |  7- 9 || total
-------------------------+-------+-------+-------++-------
Melee: Dagger            |    73 |   167 |    38 ||   278
       Kick              |       |     7 |    10 ||    17
 Fire: Hunting sling     |    47 |    14 |   249 ||   310
Throw: Boomerang         |       |       |     3 ||     3
  Use: Potion            |       |     4 |       ||     4
 Stab: Sleeping          |     2 |     4 |       ||     6
Armor: Leather armour    |    20 |    30 |     4 ||    54
       Robe              |       |       |     1 ||     1
Dodge: Dodged            |    72 |   126 |    71 ||   269

Table legend: (Time is in decaauts)
 A = Elapsed time spent in this place.
 B = Non-inter-level travel time spent in this place.
 C = Inter-level travel time spent in this place.
 D = Time resting spent in this place.
 E = Time spent auto-exploring this place.
 F = Levels seen in this place.
 G = Mean time per level.
                   A        B        C        D        E       F      G
               +--------+--------+--------+--------+--------+-----+--------+
         Total |   5986 |   5730 |    256 |   1401 |   3315 |   5 | 1197.2 |
       Dungeon |   5773 |   5576 |    197 |   1401 |   3165 |   4 | 1443.2 |
        Temple |    212 |    153 |     59 |      0 |    150 |   1 |  212.0 |
               +--------+--------+--------+--------+--------+-----+--------+

Top non-repeatable levels by time:
     D:4: 1720 daAuts
     D:1: 1430 daAuts
     D:2: 1385 daAuts
     D:3: 1236 daAuts
  Temple: 212 daAuts
